 Dungeon Crawl Stone Soup version 0.29.1-15-g9cfb28693d (webtiles) character file.

Game seed: 2999611684864376099

619 Eitelfritz the Chopper (level 7, -2/58 (60) HPs)
             Began as a Hill Orc Fighter on Apr 23, 2023.
             Slain by a wight
             ... wielding a +2 battleaxe
              (12 damage)
             ... on level 5 of the Dungeon.
             The game lasted 00:06:00 (4467 turns).

Eitelfritz the Chopper (Hill Orc Fighter)           Turns: 4467, Time: 00:06:00

HP:   -2/58 (60)    AC:  7    Str: 21    XL:     7   Next: 46%
MP:   7/7           EV: 10    Int:  8    God:
Gold: 258           SH:  5    Dex: 16    Spells: 6/6 levels left

rFire   . . .      SeeInvis .   a - +1 war axe (freeze)
rCold   . . .      Faith    .   c - +0 buckler
rNeg    . . .      Spirit   .   e - +0 scale mail
rPois   .          Reflect  .   (no helmet)
rElec   .          Harm     .   (no cloak)
rCorr   .          Rampage  .   (no gloves)
Will    .....                   (no boots)
Stlth   ..........              (no amulet)
HPRegen 0.19/turn               j - +6 ring of dexterity
MPRegen 0.10/turn               (no ring)

@: lightly drained
A: no striking features
a: no special abilities


You were on level 5 of the Dungeon.
You visited 1 branch of the dungeon, and saw 6 of its levels.

You collected 258 gold pieces.

Inventory:

Hand Weapons
 a - a +1 war axe of freezing (weapon)
 b - a +2 vorpal sling
 g - a +0 flail
Missiles
 d - 3 boomerangs of dispersal
 f - 3 datura-tipped darts
 s - 4 poisoned darts (quivered)
 t - 2 throwing nets
Armour
 c - a +0 buckler (worn)
 e - a +0 scale mail (worn)
Jewellery
 j - a +6 ring of dexterity (left hand)
 r - a +6 ring of dexterity
Wands
 o - a wand of light (8)
Scrolls
 i - a scroll of teleportation
 k - a scroll of fog
 q - 2 scrolls of vulnerability
Potions
 l - a potion of berserk rage
 m - a potion of brilliance
 n - 2 potions of lignification
 p - a potion of magic


   Skills:
 + Level 4.7 Fighting
 + Level 7.4 Axes
 + Level 5.4 Armour
 + Level 1.3 Dodging
 + Level 0.8 Stealth
 + Level 3.9 Shields


You had 6 spell levels left.
You didn't know any spells.
Your spell library contained the following spells:

 Spells                   Type           Power      Damage    Failure   Level
 Apportation              Tloc           0%         N/A       82%         1
 Blink                    Tloc           0%         N/A       91%         2
 Conjure Flame            Conj/Fire      0%         6-21      99%         3
 Ignite Poison            Fire/Tmut/Pois 0%         N/A       99%         3
 Sticky Flame             Conj/Fire      0%         2d3       100%        4
 Summon Forest            Summ/Tloc      0%         N/A       100%        5
 Simulacrum               Ice/Necr       0%         N/A       100%        6


Dungeon Overview and Level Annotations

Branches:
Dungeon (6/15)
 Temple: D:4-7

Altars:
Dithmenos
Wu Jian
Zin


Message History

You block the bullfrog's attack.
You closely miss the bullfrog.
The bullfrog is moderately wounded.
The bullfrog hits you!
You hit the bullfrog.
The bullfrog seems to slow down.
You freeze the bullfrog.
The bullfrog is heavily wounded.
The bullfrog hits you but does no damage.
The bullfrog hits you.
You hit the bullfrog.
The bullfrog seems to slow down.
You freeze the bullfrog.
The bullfrog is severely wounded.
The bullfrog hits you.
You slash the bullfrog! You freeze the bullfrog.
You kill the bullfrog!
There is a stone staircase leading down here.
You see here a potion of degeneration.
You start resting.
HP restored.
There is a stone staircase leading down here.
You see here a potion of degeneration.
You climb downwards.
You block the wight's attack. The wight closely misses you.
The wight barely misses you.
There is a stone staircase leading up here.
You block the wight's attack.
The wight hits you with a +0 great sword!
The wight closely misses you.
You climb upwards.
There is a stone staircase leading down here.
You see here a potion of degeneration.
You closely miss the wight. x2; You hit the wight but do no damage.
The wight hits you with a +2 battleaxe.
The wight hits you with a +3 dire flail!
The wight barely misses you.
You hit the wight but do no damage. You hit the wight.
You barely miss the wight. The wight hits you with a +2 battleaxe!
You feel drained. The wight closely misses you.
The wight hits you with a +0 great sword!
* * * LOW HITPOINT WARNING * * *
You barely miss the wight. You hit the wight. You completely miss the wight.
The wight hits you with a +2 battleaxe!
You die...

.#.#.#.#.#.#+#'######## ##...#
#.#.#.#.#.#.#.## #...##
.#.#.#.#.#.#.#.# ##...#
#.#.#.#.#.#.#.####### ##...##
+#.#.#.#.#.#.#......# ##...##
....#.#.#.#.........####...##
...#.#.#.#.#........#.##...#
....#.#.#.#+.....z..#.#...##
+#.#.#.#.#.#...z@...#.#...#
#.#.#.#.#.#'....z...#.#...#####
.#.#.#.#.#.#........#.........#
#.#.#.#.#.#.#'#.###.#######.#.#
.#.#.#.#.#.#.#..###..(......#.#
#.#.#.#.#[#.#.#.........###.#.#
#.##.####(#####...#####.###.#.#
#.#### #)###.#.#.#.......#.#.#
#.# #.....#.#.#.#.###.#.#.#


You could see 3 wights.

Vanquished Creatures
  An ogre (D:5)
  A centaur (D:5)
  A bullfrog (D:5)
  A scorpion (D:5)
  A howler monkey (D:4)
  A jelly (D:4)
  An orc priest (D:5)
  2 hounds (D:5)
  7 adders
  An ufetubus (D:5)
  2 worms (D:2)
  2 dart slugs
  10 orcs (D:5)
  4 bats
  4 endoplasms
  4 giant cockroaches
  6 goblins
  7 hobgoblins
  5 jackals (D:4)
  5 quokkas
  3 ball pythons
  6 frilled lizards
  10 kobolds
  8 rats
93 creatures vanquished.

Notes
Turn   | Place    | Note
-------+----------+-------------------------------------------
     0 | D:1      | Eitelfritz the Hill Orc Fighter began the quest for the
                  | Orb.
     0 | D:1      | Reached XP level 1. HP: 19/19 MP: 1/1
   205 | D:1      | Reached XP level 2. HP: 27/27 MP: 2/2
   263 | D:1      | Got the Verses on Displacement and Left-Handed Magic
   402 | D:1      | Found a faded altar of an unknown god.
   438 | D:1      | Reached skill level 3 in Axes
   604 | D:1      | Reached XP level 3. HP: 33/33 MP: 3/3
   957 | D:2      | Found a glowing silver altar of Zin.
   975 | D:2      | Reached skill level 4 in Axes
  1074 | D:2      | Reached XP level 4. HP: 38/40 MP: 4/4
  1992 | D:3      | Found a shadowy altar of Dithmenos.
  2008 | D:3      | Found an ornate altar of the Wu Jian Council.
  2503 | D:4      | Reached XP level 5. HP: 43/46 MP: 5/5
  2678 | D:4      | Reached skill level 5 in Axes
  3164 | D:5      | Entered Level 5 of the Dungeon
  3169 | D:5      | Noticed an ogre
  3175 | D:5      | Killed an ogre
  3176 | D:5      | Reached skill level 6 in Axes
  3176 | D:5      | Reached skill level 1 in Dodging
  3176 | D:5      | Reached XP level 6. HP: 46/53 MP: 6/6
  3521 | D:5      | Reached XP level 7. HP: 12/60 MP: 7/7
  3786 | D:5      | Reached skill level 7 in Axes
  3786 | D:5      | Reached skill level 5 in Armour
  4467 | D:5      | Slain by a wight

Illustrated notes

Levels and vault maps discovered:
D:1:      spicycebolla_arrival_xxxplode, layout_basic,
          shapermc_ecumenical_altar_mp_vishouse
D:2:      layout_basic, basic_altar, chequers_serial_rivers_micro_e,
          minmay_misc_feat_five
D:3:      layout_loops_ring, amethyst_overflow_temple_binary
D:4:      layout_basic
D:5:      layout_basic, serial_curves, eino_curves_02, eino_curves_04,
          eino_curves_02, kennysheep_generic_room_13
D:6:      layout_rooms, mainiacjoe_overflow_cross_hatched,
          minmay_temple_entry_glass, serial_shops, shop

Skill      XL: |  1  2  3  4  5  6  7 |
---------------+----------------------+-----
Axes           | 3 4 6 7 |  7.4
Fighting       | 4 |  4.7
Armour         | 4 5 |  5.4
Dodging        | 1 |  1.3
Stealth        | |  0.8
Shields        | |  3.9

Action                   |  1- 3 |  4- 6 |  7- 9 || total
-------------------------+-------+-------+-------++-------
Melee: War axe           |    90 |   141 |    28 ||   259
  Use: Scroll            |       |    10 |     3 ||    13
       Potion            |       |     1 |       ||     1
Armor: Scale mail        |    52 |    75 |     6 ||   133
Dodge: Dodged            |    44 |    85 |    16 ||   145
Block: Buckler           |    25 |    40 |     8 ||    73
